 Dungeon Crawl Stone Soup version 0.29.1-1-gd02db6906a (webtiles) character file.

Game seed: 14006437475747431961

319133 Jerry the Impassioned (level 21, -3/121 HPs)
             Began as a Vine Stalker Fighter on Sept 17, 2022.
             Was a Follower of Uskayaw.
             Slain by Mennas
             ... wielding a +2 trishula of holy wrath
              (11 damage)
             ... on level 4 of the Vaults.
             The game lasted 03:12:19 (36352 turns).

Jerry the Impassioned (Vine Stalker Fighter)       Turns: 36352, Time: 03:12:20

Health: -3/121     AC: 20    Str: 23    XL:     21   Next: 47%
Magic:  0/34       EV: 21    Int: 12    God:    Uskayaw [*.....]
Gold:   2921       SH:  6    Dex: 20    Spells: 19/25 levels left

rFire   + . .      SeeInvis +   s - +8 Vampire's Tooth {vamp}
rCold   + + +      Faith    .   c - +0 buckler
rNeg    . . .      Spirit   +   B - +4 skin of Zhor {*Englaciate rC+++ SInv}
rPois   +          Reflect  .   p - +0 helmet "Olekifets" {Harm Will++ Slay+5}
rElec   +          Harm     +   K - +2 cloak {Will+}
rCorr   +          Rampage  .   N - +2 pair of gloves {Str+3}
Will    +++++                   P - +2 pair of boots "Qakakhul" {Drain rElec rCorr}
Stlth   +++.......              Z - amulet "Goehoaf" {Acrobat rC+}
HPRegen 1.10/turn               G - ring of protection from fire
MPRegen 0.24/turn               l - ring of poison resistance

@: mighty, glowing, studying 2 skills
A: fangs 3, regeneration 1, magic shield, antimagic bite, no potion heal 2
}: 2/15 runes: decaying, gossamer
a: Renounce Religion, Stomp


You were on level 4 of the Vaults.
You worshipped Uskayaw.
Uskayaw was most pleased with you.
You visited 7 branches of the dungeon, and saw 35 of its levels.
You visited the Abyss 1 time.
You visited 1 bazaar.
You also visited: Sewer, Bailey and Ice Cave.

You collected 5572 gold pieces.
You spent 2651 gold pieces at shops.

Inventory:

Hand Weapons
 q - a +2 rapier of electrocution
 s - the +8 Vampire's Tooth (weapon) {vamp}
   (You bought it in a shop in a bazaar)

   It occasionally heals its wielder for the full amount of damage dealt when it
   wounds a living foe.
 H - the +4 dagger "Beahur" {protect, rC+ rN+ Dex+2}
   (You found it on level 7 of the Dungeon)

   It grants its wielder temporary protection when it strikes (+7 to AC).
   Dex:       It affects your dexterity (+2).
   rC:        It protects you from cold.
   rN:        It protects you from negative energy.
 Q - a +2 rapier of electrocution
Missiles
 I - a throwing net
 W - 10 curare-tipped darts (quivered)
Armour
 c - a +0 buckler (worn)
 p - the +0 helmet "Olekifets" (worn) {Harm Will++ Slay+5}
   (You took it off Robin on level 2 of the Dungeon)

   Slay:      It affects your accuracy & damage with ranged weapons and melee
   (+5).
   Harm:      It increases damage dealt and taken.
   Will:      It greatly increases your willpower.
 B - the +4 skin of Zhor (worn) {*Englaciate rC+++ SInv}
   (You found it in an ice cave)

   It radiates cold, occasionally slowing all nearby creatures who are not
   resistant to cold.
   rC:        It renders you almost immune to cold.
   SInv:      It lets you see invisible.
 K - a +2 cloak of willpower (worn)
 N - a +2 pair of gloves of strength (worn)
 P - the +2 pair of boots "Qakakhul" (worn) {Drain rElec rCorr}
   (You found it on level 4 of the Spider Nest)

   rElec:     It insulates you from electricity.
   rCorr:     It protects you from acid and corrosion.
   Drain:     It drains your maximum health when unequipped.
Jewellery
 e - a ring of positive energy
 l - a ring of poison resistance (right hand)
 m - a ring of positive energy
 D - a ring of fire
 G - a ring of protection from fire (left hand)
 Z - the amulet "Goehoaf" (around neck) {Acrobat rC+}
   (You found it in an ice cave)

   [amulet of the acrobat]

   It increases your evasion while moving and waiting.
   rC:        It protects you from cold.
Wands
 a - a wand of flame (7)
 n - a wand of digging (2)
 C - a wand of quicksilver (20)
 S - a wand of mindburst (14)
Scrolls
 b - a scroll of brand weapon
 h - 3 scrolls of silence
 o - 2 scrolls of enchant armour
 r - 3 scrolls of poison
 t - a scroll of blinking
 w - 7 scrolls of amnesia
 y - 2 scrolls of summoning
 A - 9 scrolls of teleportation
 F - 5 scrolls of fear
 O - 5 scrolls of enchant weapon
 R - 14 scrolls of identify
 X - 8 scrolls of fog
 Y - 6 scrolls of magic mapping
Potions
 d - 5 potions of might
 f - 5 potions of brilliance
 g - 13 potions of ambrosia
 i - 9 potions of curing
 j - 9 potions of mutation
 k - 7 potions of lignification
 u - 6 potions of resistance
 v - 15 potions of flight
 z - a potion of invisibility
 E - 3 potions of attraction
 L - 5 potions of haste
 M - a potion of cancellation
 U - 5 potions of berserk rage
 V - 2 potions of magic


   Skills:
 + Level 16.8 Fighting
 - Level 14.3 Short Blades
 + Level 15.2 Armour
 + Level 13.6 Dodging
 - Level 15.9 Stealth
 - Level 5.0 Shields
 + Level 2.8 Spellcasting
 + Level 2.9 Transmutations
 + Level 4.4 Earth Magic
 + Level 16.9 Invocations


You had 19 spell levels left.
You knew the following spells:

 Your Spells              Type           Power      Damage    Failure   Level
a - Statue Form           Tmut/Erth      6%         N/A       100%        6

Your spell library contained the following spells:

 Spells                   Type           Power      Damage    Failure   Level
 Sandblast                Erth           24%        2d8       4%          1
 Passwall                 Tmut/Erth      8%         N/A       11%         2
 Shock                    Conj/Air       4%         1d3       32%         1
 Slow                     Hex            4%         N/A       32%         1
 Stone Arrow              Conj/Erth      14%        3d7       36%         3
 Blink                    Tloc           2%         N/A       43%         2
 Ensorcelled Hibernation  Hex/Ice        2%         N/A       43%         2
 Poisonous Vapours        Pois/Air       2%         N/A       43%         2
 Static Discharge         Conj/Air       1%         3-4/arc   43%         2
 Ignite Poison            Fire/Tmut/Pois 4%         N/A       54%         3
 Call Canine Familiar     Summ           1%         N/A       67%         3
 Confusing Touch          Hex            1%         N/A       67%         3
 Dazzling Flash           Conj/Hex       2%         N/A       67%         3
 Gell's Gravitas          Tloc           1%         N/A       67%         3
 Mephitic Cloud           Conj/Pois/Air  1%         N/A       67%         3
 Ozocubu's Armour         Ice            1%         N/A       67%         3
 Portal Projectile        Hex/Tloc       2%         N/A       67%         3
 Swiftness                Air            1%         N/A       67%         3
 Teleport Other           Tloc           1%         N/A       67%         3
 Vampiric Draining        Necr           1%         2d6       67%         3
 Leda's Liquefaction      Hex/Erth       3%         N/A       77%         4
 Lee's Rapid Deconstruct  Erth           6%         3d7*      80%         5
 Airstrike                Air            0%         2d(1-17)  97%         4
 Cause Fear               Hex            0%         N/A       97%         4
 Corpse Rot               Necr/Pois/Air  1%         N/A       97%         4
 Iskenderun's Mystic Bla  Conj/Tloc      1%         2d3       97%         4
 Fireball                 Conj/Fire      0%         3d3       100%        5
 Freezing Cloud           Conj/Ice/Air   0%         6-21      100%        5
 Iskenderun's Battlesphe  Conj           1%         2d6       100%        5
 Lightning Bolt           Conj/Air       0%         1d11      100%        5
 Manifold Assault         Tloc           1%         N/A       100%        5
 Conjure Ball Lightning   Conj/Air       0%         3x3d6     100%        6
 Dispersal                Tloc           0%         N/A       100%        6
 Simulacrum               Ice/Necr       0%         N/A       100%        6
 Starburst                Conj/Fire      0%         6d3       100%        6
 Dragon Form              Tmut           4%         N/A       100%        7
 Orb of Destruction       Conj           0%         9d5       100%        7
 Ozocubu's Refrigeration  Ice            0%         4d7       100%        7
 Storm Form               Tmut/Air       2%         N/A       100%        7
 Maxwell's Capacitive Co  Air            0%         ∞         100%        8
 Dragon's Call            Summ           0%         N/A       100%        9
 Polar Vortex             Ice            0%         N/A       100%        9
 Shatter                  Erth           6%         3d9*      100%        9


Dungeon Overview and Level Annotations

Branches:
Dungeon (15/15)            Temple (0/1) D:6            Lair (5/5) D:8
  Swamp (4/4) Lair:3       Spider (4/4) Lair:3        Slime (0/5) Lair:4
    Orc (2/2) D:9             Elf (1/3) Orc:2        Vaults (4/5) D:14
  Crypt (0/3) Vaults:3     Depths (0/4) D:15          Sewer (visited)
 Bailey (visited)           IceCv (visited)

Altars:
Dithmenos
Elyvilon
Fedhas
Gozag
Hepliaklqana
Makhleb
Nemelex Xobeh
Okawaru
Ru
Trog
Uskayaw
Wu Jian
Xom
Yredelemnul
Zin
Jiyva

Shops:
D:2 ?   D:4 (   D:10 *   Orc:2 !*?(   Vaults:1 !   Vaults:4 ?[

Annotations:
D:11 3 transporters
Elf:1 Frances
Vaults:4 36 runed doors, Mennas


Innate Abilities, Weirdness & Mutations

You have razor-sharp teeth.
Your natural rate of healing is unusually fast.
When hurt, damage is shared between your health and your magic reserves.
Your bite disrupts and absorbs the magic of your enemies.
Potions cannot restore your health.


Message History

Mennas gestures frantically.
Mennas's surroundings become eerily quiet.
Mennas blocks your attack.
Your bite misses Mennas.
Mennas is moderately wounded.
You miss Mennas. You bite Mennas.
Mennas's magic leaks into the air.
You drain his magic.
You feel invigorated.
Mennas is moderately wounded.
Mennas hits you with a +2 trishula of holy wrath!
* * * LOW HITPOINT WARNING * * *
Mennas hits you with a +2 trishula of holy wrath!
* * * LOW HITPOINT WARNING * * *
You can now pass through a line of other dancers.
Mennas closely misses you.
Mennas hits you from afar with a +2 trishula of holy wrath.
* * * LOW HITPOINT WARNING * * *
You radiate an aura of cold.
Mennas seems to slow down.
Mennas is no longer moving slowly.
You can no longer pass through a line of other dancers.
Mennas completely misses you. Mennas hits you but does no damage.
Mennas hits you from afar with a +2 trishula of holy wrath!
* * * LOW HITPOINT WARNING * * *
Mennas hits you from afar with a +2 trishula of holy wrath!
* * * LOW HITPOINT WARNING * * *
Mennas's magic is no longer disrupted.
Mennas hits you from afar with a +2 trishula of holy wrath!
* * * LOW HITPOINT WARNING * * *
You block Mennas's attack.
There is an open door here.
You radiate an aura of cold.
Mennas resists.
Mennas becomes audible again.
Mennas completely misses you. Mennas barely misses you.
Mennas hits you but does no damage. Mennas completely misses you.
You radiate an aura of cold.
Mennas resists.
Mennas gestures at you.
There is a stone staircase leading up here.
You block Mennas's attack.
Mennas hits you from afar with a +2 trishula of holy wrath.
* * * LOW HITPOINT WARNING * * *
Mennas completely misses you.
Mennas hits you from afar with a +2 trishula of holy wrath!
You die...

+..#.# +....# +..# #....+ +..#
#....# +..#.# #....#
++++++++..#.#####+#+####....#
..........#..#......#.......###
..........#..#......#..........
###########..#......#..........
.............#..@...+.....(....
...^.........#A.....#....(.....
.............'......#........(.
.............########..########
#########.....A........#
#..............#
#...##########.# #...# #.#
#...# #.#


You could see Mennas.

Vanquished Creatures
  Sojobo (Vaults:3)
  Nikola (Swamp:3)
  A bone dragon (Abyss:1)
  Jorgrun (D:15)
  Asterion (Spider:3)
  A thorn hunter (Swamp:2)
  Agnes (D:15)
  2 tengu reavers
  2 sphinxes (Vaults:2)
  Donald (Spider:2)
  2 fenstrider witches
  An azure jelly (IceCv)
  8 emperor scorpions
  The ghost of Ficoysum the Skirmisher, a journeyman GnWn of Zin (D:14)
  5 orc warlords
  3 ghouls (Swamp:3)
  13 vault wardens
  5 ironbound preservers
  8 ghost moths
  6 war gargoyles
  7 ironbound thunderhulks
  7 very ugly things
  2 quicksilver oozes (IceCv)
  A minotaur (D:14)
  3 dire elephants (Vaults:3)
  5 entropy weavers
  A bunyip (Swamp:1)
  3 eleionomae
  A spark wasp (Spider:4)
  Snorg (Orc:1)
  An eidolon (Abyss:1)
  2 ettins
  4 fire dragons
  A shambling mangrove (Swamp:1)
  7 yaktaur captains
  9 great orbs of eyes
  17 vault guards
  6 crystal guardians
  The ghost of Persimmon the Spear-Bearer, a journeyman DrCA of Ignis (D:10)
  Erolcha (D:10)
  8 peacekeepers
  2 jorogumos (Spider:2)
  4 radroaches
  14 hydras
  8 boulder beetles
  12 centaur warriors
  A ghost crab (Swamp:1)
  A death knight (D:13)
  12 ironbound frosthearts
  A catoblepas (Lair:1)
  10 dancing weapons
  9 alligators
  7 two-headed ogres
  3 tengu warriors
  3 orc high priests
  A vampire mage (Vaults:3)
  4 death yaks (Lair:5)
  A soul eater (Vaults:3)
  Sonja (D:10)
  3 spriggans
  A fire crab (Swamp:4)
  2 sun moths (Spider:4)
  6 skeletal warriors
  5 pharaoh ants
  6 goliath frogs
  2 glowing orange brains (Vaults:3)
  2 spriggan druids
  12 orb spiders
  9 swamp dragons
  11 deep trolls
  A spatial maelstrom (Abyss:1)
  A bog body (Swamp:3)
  A deep troll (shapeshifter) (D:15)
  5 steelbarb worms
  An anaconda skeleton (Abyss:1)
  7 wizards
  8 lindwurms
  5 orc sorcerers
  4 deep elf zephyrmancers (Elf:1)
  22 orc knights
  2 oklob plants (Lair:4)
  19 ironbound convokers
  3 phantasmal warriors (D:12)
  A mana viper (Abyss:1)
  2 necromancers (Vaults:1)
  14 ugly things
  3 deep elf pyromancers
  5 starcursed masses (Abyss:1)
  21 wolf spiders
  7 will-o-the-wisps
  2 manticores
  9 cyclopes
  21 elephants
  A rust devil (Abyss:1)
  2 ice statues (IceCv)
  A fire giant skeleton (Vaults:1)
  11 black mambas
  Maurice (D:13)
  A guardian serpent (Lair:5)
  Joseph (D:10)
  15 torpor snails
  14 vault sentinels
  5 moths of wrath
  A large abomination (Abyss:1)
  3 unseen horrors
  5 kobold demonologists
  6 yaktaurs (Vaults:3)
  2 yaktaur zombies (Vaults:1)
  8 demonic crawlers
  A rime drake (Lair:1)
  16 cane toads
  2 tengu conjurers
  3 ice devils
  5 komodo dragons
  A bloated husk (Swamp:3)
  3 meliai
  A queen bee (Lair:1)
  12 trolls
  A tarantella (shapeshifter) (D:15)
  8 tyrant leeches
  Grinder (D:5)
  2 polar bears
  20 hornets
  42 slime creatures
  5 saltlings (Orc:2)
  25 tarantellas
  20 blink frogs
  11 dream sheep (Lair:5)
  A stone giant simulacrum (Vaults:1)
  21 jumping spiders
  25 culicivoras
  2 flying skulls (Vaults:3)
  A spriggan (shapeshifter) (D:13)
  4 shadows
  18 wyverns
  A deep troll skeleton (Vaults:1)
  2 fire bats (Swamp:4)
  2 vampires
  A ynoxinul (Abyss:1)
  5 wraiths
  43 yaks
  9 basilisks
  21 vampire mosquitoes
  73 redbacks
  Grum (Lair:1)
  2 steam dragons
  A human zombie (Vaults:1)
  3 acid dragons
  7 wargs
  13 swamp worms
  20 water moccasins
  3 ice beasts
  13 swamp drakes
  3 black bears
  4 great orb of eyes simulacra (IceCv)
  8 ogres
  41 orc warriors
  4 boggarts (Vaults:3)
  7 wolves
  6 centaurs
  6 phantoms
  2 slime creature simulacra (IceCv)
  2 kobold brigands
  Blork the orc (D:6)
  8 bullfrogs
  5 scorpions
  5 glowing shapeshifter simulacra
  2 necrophages
  An earth elemental (Elf:1)
  8 wights
  30 killer bees
  7 howler monkeys
  3 small abominations (Abyss:1)
  2 hounds
  A gnoll bouda (Lair:4)
  3 jellies
  A quasit (Abyss:1)
  18 orc priests
  2 iguanas
  Ijyb (D:4)
  26 orc wizards
  A merfolk avatar (Sewer)
  A merfolk siren (Sewer)
  2 shapeshifter simulacra (IceCv)
  Robin (D:2)
  7 gnolls
  6 adders
  A river rat (Sewer)
  4 white imps
  4 ufetubi
  3 worms
  3 dart slugs
  74 orcs
  13 ball pythons
  2 endoplasms
  5 giant cockroaches
  22 goblins
  14 hobgoblins
  28 kobolds
  6 quokkas
  8 bats
  6 frilled lizards
  21 rats
  2 butterflies (Lair:5)
  A fungus (Spider:4)
  22 pillars of salt (Orc:2)
1481 creatures vanquished.

Vanquished Creatures (others)
  A lindwurm (Swamp:4)
  3 bloated husks
  A steam dragon (Swamp:4)
  A vampire mosquito (Swamp:4)
  A swamp drake (Swamp:4)
  A briar patch (Swamp:2)
  20 foxfires
  3 fungi
  26 plants
57 creatures vanquished.

Grand Total: 1538 creatures vanquished

Notes
Turn   | Place    | Note
-------+----------+-------------------------------------------
     0 | D:1      | Jerry the Vine Stalker Fighter began the quest for the Orb.
     0 | D:1      | Reached XP level 1. HP: 11/11 MP: 2/2
   648 | D:1      | Reached XP level 2. HP: 15/16 MP: 3/3
  1239 | D:1      | Reached XP level 3. HP: 20/20 MP: 4/4
  1262 | D:1      | Found a faded altar of an unknown god.
  1718 | D:2      | Found Mobugg's Magic Scroll Boutique.
  1970 | D:2      | Identified the +0 helmet "Olekifets" {Harm Will++ Slay+5}
  1970 | D:2      | Noticed Robin
  1983 | D:2      | Killed Robin
  2010 | D:2      | Gained mutation: Your natural rate of healing is unusually
                  | fast. [Vine Stalker growth]
  2010 | D:2      | Reached XP level 4. HP: 12/24 MP: 5/5
  2252 | D:2      | Found a shadowy altar of Dithmenos.
  2792 | D:3      | Identified the +8 whip "Xaucvot" {protect, rPois rF+ Will+
                  | Str+3}
  3226 | D:3      | Found a glowing silver altar of Zin.
  3348 | D:4      | Noticed a scorpion
  3358 | D:4      | Killed a scorpion
  3359 | D:4      | Reached XP level 5. HP: 20/28 MP: 4/6
  3450 | D:4      | Identified the +1 shortbow "Umupp" {speed, Int-2 Dex+9}
  3517 | D:4      | Reached XP level 6. HP: 33/33 MP: 7/7
  3590 | D:4      | Found Teasoeph's Antique Weapon Shop.
  4188 | D:4      | Found a sparkling altar of Nemelex Xobeh.
  4188 | D:4      | Found an opulent altar of Gozag.
  4299 | D:5      | Entered Level 5 of the Dungeon
  4299 | D:5      | Noticed Ijyb
  4312 | D:4      | Killed Ijyb
  4323 | D:5      | Reached XP level 7. HP: 30/37 MP: 8/8
  4542 | D:5      | Found a large runed translucent door.
  4548 | D:5      | Found a large runed translucent door.
  4551 | D:5      | Noticed a troll
  4570 | D:5      | Gained mutation: You have razor-sharp teeth. [Vine Stalker
                  | growth]
  4570 | D:5      | Reached XP level 8. HP: 35/42 MP: 6/9
  4575 | D:5      | Noticed a wraith
  4582 | D:5      | Killed a wraith
  4583 | D:5      | Reached skill level 5 in Fighting
  4583 | D:5      | Reached skill level 5 in Shields
  4739 | D:5      | Found a large runed translucent door.
  4739 | D:5      | Found a large runed translucent door.
  4752 | D:5      | Noticed Grinder
  4786 | D:5      | Killed Grinder
  4787 | D:5      | Reached skill level 5 in Short Blades
  4811 | D:5      | Reached skill level 5 in Armour
  4880 | D:5      | Found a hide-covered altar of Uskayaw.
  4884 | D:5      | Found a blossoming altar of Fedhas.
  4886 | D:5      | Became a worshipper of Uskayaw the Reveller
  4892 | D:5      | Found a white marble altar of Elyvilon.
  4892 | D:5      | Found a hazy altar of Hepliaklqana.
  4899 | D:5      | Found a bloodstained altar of Trog.
  5017 | D:5      | Reached * piety under Uskayaw
  5020 | D:5      | Reached ** piety under Uskayaw
  5022 | D:5      | Reached skill level 1 in Invocations
  5022 | D:5      | Reached *** piety under Uskayaw
  5023 | D:5      | Reached XP level 9. HP: 48/48 MP: 10/10
  5226 | D:5      | Killed a troll
  5226 | D:5      | Reached **** piety under Uskayaw
  5231 | D:5      | Reached ***** piety under Uskayaw
  5314 | D:6      | Found a sacrificial altar of Ru.
  5365 | D:6      | Noticed Blork the orc
  5368 | D:6      | Found a glowing drain.
  5390 | D:6      | Killed Blork the orc
  5408 | Sewer    | Entered a sewer
  5908 | D:6      | Found a staircase to the Ecumenical Temple.
  6365 | D:7      | Reached XP level 10. HP: 55/55 MP: 14/14
  6391 | D:7      | Reached ****** piety under Uskayaw
  6470 | D:7      | Identified the +4 dagger "Beahur" {protect, rC+ rN+ Dex+2}
  6634 | D:7      | Found a flagged portal.
  6642 | Bailey   | Entered a bailey
  6665 | Bailey   | Reached skill level 1 in Dodging
  6799 | Bailey   | Identified the +2 quarterstaff of Uliq {vamp, rC+++ rN+
                  | Int-5 Dex+2}
  7085 | D:7      | Reached skill level 5 in Invocations
  7680 | D:8      | Found a staircase to the Lair.
  7913 | D:8      | Found an iron altar of Okawaru.
  7983 | D:8      | Reached XP level 11. HP: 60/60 MP: 14/16
  8062 | D:8      | Noticed a boulder beetle
  8077 | D:8      | Killed a boulder beetle
  8088 | D:8      | Noticed a sun demon
  8348 | D:8      | Found a basalt altar of Yredelemnul.
  8352 | D:8      | Found a burning altar of Makhleb.
  8469 | D:9      | Reached skill level 5 in Dodging
  8656 | D:9      | You are sucked into a shaft and drop 1 floor!
  8656 | D:10     | Entered Level 10 of the Dungeon
  8713 | D:9      | Found a staircase to the Orcish Mines.
  8822 | D:9      | Found a shadowy altar of Dithmenos.
  9361 | D:10     | Found an ornate altar of the Wu Jian Council.
  9427 | D:10     | Noticed Erolcha
  9443 | D:10     | Killed Erolcha
  9561 | D:10     | Noticed Joseph
  9568 | D:10     | Killed Joseph
  9695 | D:10     | Noticed Sonja
  9724 | D:10     | Killed Sonja
  9725 | D:10     | Reached XP level 12. HP: 56/66 MP: 18/18
  9846 | D:10     | Found a runed translucent gate.
  9846 | D:10     | Found a runed translucent gate.
  9846 | D:10     | Found a runed translucent gate.
  9847 | D:10     | Found an opulent altar of Gozag.
  9858 | D:10     | Found Diplegel's Assorted Antiques.
  9858 | D:10     | Noticed Persimmon's ghost (journeyman DrCA)
 10184 | Lair:1   | Entered Level 1 of the Lair of Beasts
 10383 | Lair:1   | Noticed Grum
 10401 | Lair:1   | Killed Grum
 10408 | Lair:1   | Identified the +9 shortbow "Gekhett" {freeze, *Slow rF+
                  | Int+3 SInv}
 10538 | Lair:1   | Noticed a catoblepas
 10548 | Lair:1   | Killed a catoblepas
 11265 | Lair:2   | Found a frozen archway.
 11288 | IceCv    | Entered an ice cave
 11395 | IceCv    | Found the +4 skin of Zhor {*Englaciate rC+++ SInv}
 11516 | IceCv    | Reached XP level 13. HP: 50/72 MP: 16/20
 11632 | IceCv    | Reached skill level 10 in Fighting
 11759 | IceCv    | Noticed a quicksilver ooze
 11769 | IceCv    | Killed a quicksilver ooze
 11770 | IceCv    | Reached skill level 10 in Short Blades
 11881 | IceCv    | Noticed a quicksilver ooze
 11893 | IceCv    | Killed a quicksilver ooze
 11896 | IceCv    | Found a viscous altar of Jiyva.
 11896 | IceCv    | Noticed an azure jelly
 11928 | IceCv    | Killed an azure jelly
 11993 | IceCv    | Identified the amulet of the Cast Vote {Spirit *Corrode
                  | rC+++ Str+4 Dex+5}
 11995 | IceCv    | Identified the amulet "Goehoaf" {Acrobat rC+}
 12986 | Lair:3   | Found a staircase to the Swamp.
 13209 | Lair:3   | Reached skill level 10 in Dodging
 13587 | Lair:3   | Found a hole to the Spider Nest.
 13594 | Lair:3   | Reached skill level 10 in Invocations
 13594 | Lair:3   | Reached XP level 14. HP: 74/77 MP: 20/22
 13800 | Lair:4   | Reached skill level 10 in Armour
 13995 | Lair:4   | Found a viscous altar of Jiyva.
 13996 | Lair:4   | Found a staircase to the Slime Pits.
 14222 | Lair:4   | Found a blossoming altar of Fedhas.
 14739 | Lair:5   | Entered Level 5 of the Lair of Beasts
 15515 | Lair:5   | Reached XP level 15. HP: 53/84 MP: 16/24
 15762 | Lair:5   | Found a runed translucent door.
 15941 | Lair:5   | Paralysed by a hornet for 2 turns
 16044 | Lair:5   | Reached skill level 1 in Stealth
 16593 | Orc:1    | Entered Level 1 of the Orcish Mines
 16617 | Orc:1    | Noticed an orc warlord
 16642 | D:9      | Killed an orc warlord
 16661 | Abyss:1  | Cast into level 1 of the Abyss (orc)
 16781 | Abyss:1  | Noticed a bone dragon
 16804 | Abyss:1  | Killed a bone dragon
 17168 | D:9      | Escaped the Abyss
 17328 | Orc:1    | Noticed Snorg
 17347 | Orc:1    | Killed Snorg
 17647 | Orc:2    | Entered Level 2 of the Orcish Mines
 17663 | Orc:2    | Noticed an orc warlord
 17703 | Orc:2    | Killed an orc warlord
 17799 | Orc:2    | Found a shimmering altar of Xom.
 17869 | Orc:2    | Found a staircase to the Elven Halls.
 18011 | Orc:2    | Reached skill level 5 in Stealth
 18202 | Orc:2    | Found Qeppymen's Weapon Boutique.
 18222 | Orc:2    | Found Zeiq's Distillery.
 18257 | Orc:2    | Found Moze's General Store.
 18286 | Orc:2    | Found Noaps's Magic Scroll Shoppe.
 18665 | Elf:1    | Entered Level 1 of the Elven Halls
 18673 | Elf:1    | Reached XP level 16. HP: 68/90 MP: 26/26
 18820 | Elf:1    | Noticed Frances
 18973 | D:10     | Killed Persimmon's ghost
 19231 | D:11     | Found a transporter.
 19231 | D:11     | Found a transporter.
 19346 | D:11     | Found a transporter.
 19590 | D:11     | Found a transporter.
 20967 | D:13     | Identified the +1 ring mail of Honour {rF+ Regen+}
 21060 | D:13     | Noticed Maurice
 21073 | D:13     | Killed Maurice
 21776 | D:14     | Found a runed translucent gate.
 21983 | D:14     | Noticed Ficoysum's ghost (journeyman GnWn)
 22017 | D:14     | Found a gate to the Vaults.
 22114 | D:14     | Found a runed translucent gate.
 22114 | D:14     | Found a runed translucent gate.
 22257 | D:14     | Killed Ficoysum's ghost
 22266 | D:14     | Identified the ring "Yneov" {Fly rC+ Dex+7}
 22269 | D:14     | Got the Directory of Excavation and Hexing
 22291 | D:15     | Entered Level 15 of the Dungeon
 22349 | D:15     | Reached XP level 17. HP: 84/95 MP: 27/27
 22362 | D:15     | Found a staircase to the Depths.
 22465 | D:15     | Noticed Agnes
 22476 | D:15     | Killed Agnes
 22506 | D:15     | Found a hazy altar of Hepliaklqana.
 22672 | D:15     | Noticed Jorgrun
 22690 | D:15     | Killed Jorgrun
 23053 | Swamp:1  | Entered Level 1 of the Swamp
 23842 | Swamp:1  | Reached skill level 10 in Stealth
 25208 | Swamp:3  | Noticed Nikola
 25362 | Swamp:3  | Killed Nikola
 25627 | Swamp:4  | Entered Level 4 of the Swamp
 25957 | Swamp:4  | Reached XP level 18. HP: 95/102 MP: 25/29
 26037 | Swamp:4  | Got a decaying rune of Zot
 26653 | Spider:1 | Entered Level 1 of the Spider Nest
 27113 | Spider:1 | Identified the +1 hat of Negligence {rCorr}
 27853 | Spider:2 | Noticed Donald
 27948 | Spider:2 | Killed Donald
 28247 | Spider:2 | Found a runed translucent door.
 29240 | Spider:3 | Noticed Asterion
 29248 | Spider:3 | Killed Asterion
 29658 | Spider:3 | Reached XP level 19. HP: 107/107 MP: 31/31
 29819 | Spider:4 | Entered Level 4 of the Spider Nest
 29899 | Spider:4 | Reached skill level 15 in Invocations
 29920 | Spider:4 | HP: 4/107 [disintegration (27)]
 30462 | Spider:4 | Reached skill level 15 in Fighting
 31059 | Spider:4 | Identified the +2 pair of boots "Qakakhul" {Drain rElec
                  | rCorr}
 31070 | Spider:4 | Got a gossamer rune of Zot
 31516 | Vaults:1 | Entered Level 1 of the Vaults
 32067 | Vaults:1 | Found Faal's Distillery.
 32241 | Vaults:1 | Reached XP level 20. HP: 60/114 MP: 32/32
 33113 | Vaults:2 | Reached skill level 15 in Stealth
 33599 | Vaults:2 | Identified a scroll of acquirement
 34026 | Vaults:2 | Acquired 590 gold pieces
 34945 | Vaults:3 | Reached skill level 15 in Armour
 35205 | Vaults:3 | Found a gateway to a bazaar.
 35212 | Bazaar   | Entered a bazaar
 35212 | Bazaar   | Found Orucoz's Jewellery Emporium.
 35212 | Bazaar   | Found Sueta's Weapon Shop.
 35212 | Bazaar   | Found Qiduqiys's Book Shoppe.
 35212 | Bazaar   | Found Sole's Antique Weapon Shop.
 35214 | Bazaar   | Found Lubuh's Book Shoppe.
 35214 | Bazaar   | Found Uthreag's Antique Weapon Boutique.
 35242 | Bazaar   | Bought a book of the Earth for 432 gold pieces
 35245 | Bazaar   | Bought a manual of Earth Magic for 720 gold pieces
 35245 | Bazaar   | Bought a manual of Fighting for 720 gold pieces
 35256 | Bazaar   | Bought a glowing rapier for 119 gold pieces
 35263 | Bazaar   | Bought the +8 Vampire's Tooth {vamp} for 660 gold pieces
 35263 | Bazaar   | Found the +8 Vampire's Tooth {vamp}
 35284 | Vaults:3 | Reached XP level 21. HP: 119/119 MP: 34/34
 35302 | Vaults:3 | Learned a level 6 spell: Statue Form
 35390 | Vaults:3 | Reached skill level 1 in Earth Magic
 35390 | Vaults:3 | Found a staircase to the Crypt.
 35599 | Vaults:3 | Reached skill level 1 in Transmutations
 35644 | Vaults:3 | Reached skill level 1 in Spellcasting
 35922 | Vaults:4 | Noticed Sojobo
 35937 | Vaults:3 | Killed Sojobo
 36118 | Vaults:4 | Found Ging's Magic Scroll Shoppe.
 36120 | Vaults:4 | Found Dasiezil's Antique Armour Boutique.
 36163 | Vaults:4 | Found a huge runed gate.
 36163 | Vaults:4 | Found a huge runed gate.
 36163 | Vaults:4 | Found a huge runed gate.
 36163 | Vaults:4 | Found a huge runed gate.
 36163 | Vaults:4 | Found a huge runed gate.
 36163 | Vaults:4 | Found a huge runed gate.
 36164 | Vaults:4 | Found a huge runed gate.
 36164 | Vaults:4 | Found a huge runed gate.
 36164 | Vaults:4 | Found a huge runed gate.
 36165 | Vaults:4 | Found a huge runed gate.
 36169 | Vaults:4 | Found a huge runed gate.
 36169 | Vaults:4 | Found a huge runed gate.
 36169 | Vaults:4 | Found a huge runed gate.
 36169 | Vaults:4 | Found a huge runed gate.
 36169 | Vaults:4 | Found a huge runed gate.
 36169 | Vaults:4 | Found a huge runed gate.
 36170 | Vaults:4 | Found a huge runed gate.
 36171 | Vaults:4 | Found a huge runed gate.
 36172 | Vaults:4 | Found a huge runed gate.
 36180 | Vaults:4 | Found a huge runed gate.
 36180 | Vaults:4 | Found a huge runed gate.
 36180 | Vaults:4 | Found a huge runed gate.
 36180 | Vaults:4 | Found a huge runed gate.
 36180 | Vaults:4 | Found a huge runed gate.
 36180 | Vaults:4 | Found a huge runed gate.
 36181 | Vaults:4 | Found a huge runed gate.
 36182 | Vaults:4 | Found a huge runed gate.
 36183 | Vaults:4 | Found a huge runed gate.
 36191 | Vaults:4 | Found a huge runed gate.
 36191 | Vaults:4 | Found a huge runed gate.
 36191 | Vaults:4 | Found a huge runed gate.
 36191 | Vaults:4 | Found a huge runed gate.
 36191 | Vaults:4 | Found a huge runed gate.
 36191 | Vaults:4 | Found a huge runed gate.
 36192 | Vaults:4 | Found a huge runed gate.
 36193 | Vaults:4 | Found a huge runed gate.
 36317 | Vaults:4 | Identified the -2 tower shield of New Discoveries {-Cast
                  | rPois rF+ Stlth+}
 36317 | Vaults:4 | Noticed Mennas
 36346 | Vaults:4 | HP: 3/121 [Mennas/+2 trishula of holy wrath (14)]
 36352 | Vaults:4 | Slain by Mennas

Illustrated notes

Levels and vault maps discovered:
D:1:      minmay_arrival_wavy_path, layout_loops_corners, basic_ecumenical_altar
D:2:      layout_loops_corners, basic_altar, serial_shops,
          nicolae_shop_hallway_stairs, uniq_robin
D:3:      layout_loops_ring, zin_scriptorium
D:4:      layout_basic, grunt_temple_overflow_opulence, serial_shops, shop,
          kennysheep_generic_room_7
D:5:      layout_basic, nicolae_overflow_hallway_of_the_gods,
          grunt_decor_one_mirror, minmay_hollow_rounded_squares, uniq_ijyb,
          uniq_grinder
D:6:      layout_rooms, nicolae_ru_sacrificial_ziggurat,
          minmay_temple_entry_drinking_statues, cheibrodos_sewer_entry_sluice,
          chequers_serial_rivers_micro_b, uniq_blork_the_orc
D:7:      layout_basic, enter_bailey_2, minmay_manual_mail
D:8:      minmay_slanted_spiral_squares, layout_cave_pools,
          okawaru_altar_gauntlet_db, mainiacjoe_overflow_big_doors,
          erik_lair_orcish_takeover
D:9:      layout_loops_corners, nicolae_dithmenos_through_a_glass_darkly,
          erik_orc_4, minmay_misc_feat_iff
D:10:     layout_big_octagon, mainiacjoe_overflow_boulevard,
          ebering_ghost_gozag, pond, uniq_joseph, uniq_sonja, uniq_erolcha
D:11:     layout_loops_ring, nicolae_diode_quadrants
D:12:     layout_rooms, minivault_10
D:13:     layout_irregular_city, uniq_maurice
D:14:     layout_cave_pools, erik_vaults_1, hex_medium,
          maelrawn_ghost_gauntlet_escape, lemuel_flamethrower_3
D:15:     hangedman_depths_entry_civil_slaughter, layout_rooms,
          amethyst_killhole, nicolae_hepliaklqana_hippocampus, uniq_jorgrun,
          uniq_agnes
Lair:1:   layout_cave_pods, special_room [special_room_bee],
          serial_bayou_lake_a, uniq_grum
Lair:2:   layout_concentric_octagons, portal_ice_cave_demonic_guard,
          st_stairs_11, lemuel_fruit_tree, lemuel_fruit_fields
Lair:3:   layout_roguey, swamp_mist, spider_nest_entry_funnel_web,
          grunt_megastairs_1
Lair:4:   layout_gridlike, dpeg_slime_entry_enclosed, gauntlet_entry_generic,
          hangedman_tree_tricks, dreamdust_gnoll_shepherd, lemuel_fruit_fields
Lair:5:   wormcave, layout_gridlike, hangedman_lair_tendril_chambers,
          lemuel_fruit_fields, lemuel_fruit_fields
Swamp:1:  layout_basic_swamp, evilmike_swamp_ruin_house_5,
          infiniplex_staircase_pool
Swamp:2:  layout_basic_swamp, evilmike_swamp_ruin_house_4, swamp_pool4
Swamp:3:  layout_basic_swamp, evilmike_swamp_ruin_house_1, uniq_nikola
Swamp:4:  swamp_fiery, layout_basic_swamp, swamp_pool4, hangedman_swamp_lotus
Spider:1: layout_spider_delve, hellmonk_motheaten_closet,
          hangedman_spider_tarantella_strand
Spider:2: cheibrodos_spider_deadly_dance, drop_trap, uniq_donald
Spider:3: layout_chambers, uniq_asterion
Spider:4: grunt_spider_rune_circles, spiders_nest_spider_trap
Orc:1:    layout_caves, minmay_orc_keep, uniq_snorg
Orc:2:    hellmonk_orc_salted, layout_caves, basic_altar
Elf:1:    eino_elf_arrival_sip, layout_geoelf_grid, serial_shops,
          nicolae_shop_competitors_out_of_business,
          gammafunk_ghost_tricky_traps, hangedman_elf_disciples,
          nicolae_elf_glass_and_crystal_pillar_2, grunt_megastairs_3,
          uniq_frances
Vaults:1: vaults_room_fours, nicolae_vaults_circle_grid_a,
          vaults_room_guarded_vault, ontoclasm_vaults_eye,
          hangedman_vaults_corner, v_misc_25, vaults_room_door_ring,
          vaults_room_mumra_shop_pool, vaults_room_hallway,
          nicolae_vaults_mini_display_case, hangedman_vaults_river_flow,
          layout_vaults_maze_snakey
Vaults:2: v_misc_13, vaults_mumra_hex, hangedman_vaults_slice,
          nicolae_vaults_border_crossing, v_misc_19, ontoclasm_vaults_twist,
          layout_vaults_omnigrid
Vaults:3: hangedman_vaults_stagger, v_rooms_5, nicolae_vaults_angled_halls,
          minmay_crypt_entry_simple_corners, v_misc_30,
          ontoclasm_vaults_ligature, nicolae_vaults_network_periphery,
          grunt_vaults_twisty, nicolae_vaults_little_squares_2,
          special_room_vaults [special_room_orc], vaults_mumra_chevron,
          vaults_dpeg_diagonal, vaults_room_fours, layout_vaults_omnicross,
          serial_shops, bzr_entry_gold
Vaults:4: ontoclasm_vaults_decontamination, v_rooms_1,
          nicolae_vaults_network_square, v_alt_pattern_2, v_misc_23,
          grunt_vaults_focal, door_vault, vaults_room_corners,
          ontoclasm_vaults_spin, grunt_vaults_hallway_short,
          layout_vaults_omnibox, serial_shops, shop, shop, nicolae_shop_trees,
          uniq_sojobo, uniq_mennas

Skill      XL: |  1  2  3  4  5  6  7  8  9 10 11 12 13 14 15 16 17 18 19 20 21 |
---------------+----------------------------------------------------------------+-----
Short Blades   | 2 3 4 5 6 7 8 9 10 11 12 13 14 | 14.3
Fighting       | 3 4 5 7 8 9 10 11 12 13 14 15 16 | 16.8
Shields        | 3 4 5 |  5.0
Armour         | 3 4 5 6 7 8 9 10 11 12 13 14 15 | 15.2
Invocations    | 1 4 5 7 8 10 11 12 13 14 15 16 | 16.9
Dodging        | 4 6 8 10 11 12 13 | 13.6
Stealth        | 5 9 11 12 14 15 | 15.9
Earth Magic    | 4 |  4.4
Transmutations | 2 |  2.9
Spellcasting   | 2 |  2.8

Action                   |  1- 3 |  4- 6 |  7- 9 | 10-12 | 13-15 | 16-18 | 19-21 || total
-------------------------+-------+-------+-------+-------+-------+-------+-------++-------
Melee: Rapier            |    75 |       |       |       |       |       |       ||    75
       Bite              |    25 |    15 |    55 |   251 |   581 |   703 |   603 ||  2233
       Dagger            |    41 |    27 |       |   613 |  1185 |  1451 |   937 ||  4254
       Whip              |       |    64 |   177 |    24 |       |       |       ||   265
       Quick blade       |       |       |       |       |       |       |   189 ||   189
Throw: Dart              |     1 |       |     2 |     4 |     7 |    46 |    32 ||    92
Invok: Line Pass         |       |       |       |       |       |       |     2 ||     2
  Use: Scroll            |     3 |     5 |    10 |     2 |    10 |     5 |     9 ||    44
       Potion            |       |       |       |       |     1 |     2 |     2 ||     5
 Stab: Paralysed         |       |       |     6 |    36 |    90 |    93 |   100 ||   325
       Sleeping          |       |       |       |       |     5 |    50 |    42 ||    97
       Distracted        |       |       |       |       |     2 |     8 |     8 ||    18
       Confused          |       |       |       |       |       |     1 |       ||     1
       Held in net/web   |       |       |       |       |       |     1 |       ||     1
       Fleeing           |       |       |       |       |       |       |     1 ||     1
Armor: Scale mail        |    41 |    27 |    75 |   233 |       |       |       ||   376
       Animal skin       |       |       |       |     1 |   203 |   295 |   260 ||   759
Dodge: Dodged            |    47 |    32 |    69 |   221 |   501 |   720 |   577 ||  2167
Block: Buckler           |    14 |    22 |    41 |   125 |   192 |   248 |   183 ||   825
